Map: [ESL] Data-C

Players

PureLegacy - Winner!

  • Race: Terran Terran
  • Spawn Location: 3:00

Reaper

  • Race: Zerg Zerg
  • Spawn Location: 9:00

Event: DreamHack SC2 Masters 2022 Atlanta (Online)

VOD

Have the link to the VOD?

Description

Time

  • Played on: Oct. 7, 2022, 5:33 p.m.
  • Length: 14:52

All games in this series

Show
View Real Time Build Order
Export as new Build Order

PureLegacy Terran - Winner!

Build Orders: 2 Factory, Hellion Opening, Reaper Expand, Mech 

Get SALT Encoding   

  12  0:00  SCV  
  13  0:12  SCV  
  14  0:17  Supply Depot  
  14  0:24  SCV  
  15  0:39  SCV  
  15  0:41  Barracks  
  16  0:44  Refinery  
  16  0:51  SCV  
  17  1:03  SCV  
  18  1:15  SCV  
  19  1:27  Reaper  
  19  1:28  Orbital Command  
  20  1:41  Command Center  
  20  1:49  Supply Depot  
  20  1:54  SCV  
  21  1:59  Marine  
  22  2:06  SCV  
  23  2:10  Factory  
  23  2:18  SCV  
  23  2:19  Refinery  
  24  2:25  Barracks Reactor  
  24  2:30  SCV  
  25  2:42  SCV  
  26  2:54  SCV  
  26  2:55  Orbital Command  
  27  3:00  Factory  
  27  3:05  Hellion x2  
  31  3:07  SCV  
  32  3:15  Supply Depot  
  32  3:17  Barracks Tech Lab  
  32  3:19  SCV  
  33  3:20  SCV  
  33  3:26  Hellion x2  
  38  3:32  SCV x2  
  40  3:39  Supply Depot  
  40  3:44  SCV x2  
  42  3:53  Hellion  
  42  3:54  Hellion x2, Infernal Pre-Igniter  
  48  3:56  SCV x2  
  50  4:06  Supply Depot  
  50  4:08  SCV  
  50  4:09  SCV  
  52  4:20  SCV  
  52  4:21  SCV  
  60  4:24  Hellion x3  
  60  4:30  Command Center  
  60  4:33  SCV x2  
  62  4:40  Armory  
  62  4:41  Supply Depot  
  62  4:45  SCV  
  63  4:52  SCV, Factory  
  62  4:57  SCV  
  62  4:59  Refinery  
  63  5:00  Refinery  
  63  5:03  Supply Depot  
  63  5:04  SCV  
  64  5:08  Hellion x2  
  64  5:09  SCV  
  69  5:16  Engineering Bay, SCV  
  68  5:21  SCV  
  68  5:28  Thor, SCV  
  74  5:31  Supply Depot  
  74  5:33  SCV  
  71  5:40  SCV  
  71  5:42  Hellion x2  
  71  5:43  Factory Tech Lab  
  71  5:46  SCV  
  68  5:57  Missile Turret x2  
  68  6:04  Missile Turret  
  66  6:06  Thor  
  66  6:08  Orbital Command  
  72  6:11  Thor  
  79  6:18  SCV  
  79  6:19  Missile Turret  
  79  6:23  Hellion x2  
  83  6:31  SCV x2  
  84  6:33  Orbital Command  
  84  6:37  Factory x2  
  84  6:39  Terran Vehicle Weapons Level 1  
  84  6:43  SCV x2  
  86  6:50  Hellion x2  
  86  6:51  Missile Turret  
  90  6:55  SCV  
  90  6:56  SCV  
  90  6:59  SCV, Missile Turret  
  90  7:01  Siege Tank x2  
  99  7:07  Refinery  
  99  7:09  Refinery  
  99  7:12  Sensor Tower  
  99  7:14  SCV x2  
  100  7:18  SCV  
  100  7:20  Hellion x2  
  103  7:26  SCV x2  
  103  7:30  SCV  
  103  7:36  Siege Tank  
  105  7:38  SCV x2, Siege Tank  
  109  7:48  Command Center  
  109  7:52  Supply Depot  
  109  7:53  Supply Depot  
  109  7:54  Supply Depot  
  109  8:04  Factory Tech Lab x2  
  109  8:05  Smart Servos, Mag-Field Accelerator  
  109  8:09  Armory  
  109  8:13  Supply Depot x2  
  109  8:14  SCV x3, Hellion x2  
  109  8:15  Siege Tank  
  115  8:26  SCV x2  
  109  8:27  Siege Tank  
  109  8:28  Siege Tank x2  
  109  8:33  SCV  
  117  8:35  Supply Depot  
  117  8:37  Terran Vehicle And Ship Armor Level 1  
  117  8:38  Supply Depot, SCV x2  
  119  8:44  Missile Turret  
  119  8:45  Hellion x2, SCV  
  119  8:47  Siege Tank  
  127  8:52  Missile Turret  
  127  8:53  Supply Depot  
  127  8:55  Supply Depot, SCV x2  
  129  8:57  SCV  
  129  8:58  Terran Vehicle Weapons Level 2  
  129  8:59  Siege Tank  
  125  9:10  Siege Tank x2  
  125  9:11  Hellion x2  
  125  9:13  SCV x3  
  138  9:24  Missile Turret  
  138  9:25  SCV x3  
  138  9:26  Siege Tank  
  138  9:27  Missile Turret, Sensor Tower  
  144  9:32  Refinery  
  144  9:33  Refinery  
  144  9:38  Hellion x2, Siege Tank  
  151  9:39  Planetary Fortress  
  151  9:42  SCV  
  151  9:43  Supply Depot, SCV  
  153  9:49  Factory  
  153  9:51  Factory  
  153  9:54  Hellion  
  153  9:55  Siege Tank  
  158  10:02  Command Center  
  158  10:20  Thor x2  
  164  10:24  Thor  
  159  10:31  Neosteel Armor  
  159  10:34  Missile Turret  
  156  10:41  Thor, Hellion x2, Factory Tech Lab, Factory Reactor  
  166  10:47  Missile Turret x2  
  166  10:48  Missile Turret x2  
  166  10:58  Missile Turret  
  166  10:59  Missile Turret  
  166  11:02  Thor  
  166  11:04  Hellion x2  
  176  11:05  Thor  
  182  11:13  Siege Tank x2  
  149  11:19  Hellion x2  
  149  11:24  Siege Tank  
  156  11:40  Terran Vehicle Weapons Level 3  
  156  11:45  Hellion x4, Siege Tank  
  164  11:47  Refinery  
  164  11:48  Missile Turret x2  
  164  11:49  Missile Turret  
  164  11:51  Refinery, Terran Vehicle And Ship Armor Level 2  
  164  11:56  Hellion x2, Siege Tank  
  171  12:08  Siege Tank  
  172  12:11  Hellion x4, Hi-Sec Auto Tracking  
  178  12:20  Siege Tank  
  181  12:26  Siege Tank  
  180  12:32  Siege Tank  
  180  12:34  Siege Tank  
  180  12:35  Hellion x4  
  192  12:40  Siege Tank  
  151  12:52  Siege Tank  
  151  12:56  Hellion x3  
  151  12:58  Hellion, Siege Tank  
  156  13:03  Planetary Fortress  
  159  13:14  Factory, Starport  
  159  13:18  Thor x3  
  157  13:24  Thor  
  163  13:27  Hellion x4  
  163  13:40  Hellion  
  144  13:48  Hellion x2  
  144  13:49  Hellion x2  
  144  14:01  Thor, Hellion, Factory Tech Lab, Siege Tank  
  155  14:05  Starport Reactor  
  155  14:08  Fusion Core  
  155  14:10  Command Center  
  155  14:19  Siege Tank x2  
  161  14:26  Hellion x4  
Show
View Real Time Build Order
Export as new Build Order

Reaper Zerg 

Build Orders: Hatch First 

Get SALT Encoding   

  12  0:00  Drone  
  13  0:12  Overlord  
  13  0:17  Drone  
  14  0:31  Drone x2  
  16  0:49  Hatchery  
  15  0:52  Drone  
  15  0:56  Drone  
  17  0:59  Drone  
  18  1:13  Spawning Pool  
  18  1:14  Extractor  
  18  1:17  Drone  
  17  1:21  Drone  
  18  1:28  Drone  
  19  1:39  Drone  
  20  1:49  Overlord  
  20  2:01  Queen x2  
  20  2:02  Zergling x4  
  26  2:12  Drone x2  
  28  2:19  Metabolic Boost  
  28  2:21  Drone  
  29  2:23  Drone  
  30  2:37  Queen x2  
  34  2:45  Overlord  
  34  2:46  Drone x2  
  36  2:54  Overlord  
  36  3:04  Drone x3  
  39  3:05  Drone  
  40  3:13  Lair  
  40  3:15  Drone x2, Extractor  
  40  3:17  Drone x2  
  43  3:20  Drone  
  43  3:22  Drone  
  43  3:25  Drone  
  43  3:26  Drone  
  47  3:32  Baneling Nest  
  46  3:35  Drone x2  
  48  3:42  Drone x2  
  50  3:50  Spore Crawler  
  50  3:56  Overlord  
  50  3:59  Drone, Hatchery, Extractor  
  50  4:00  Zergling x2, Extractor  
  50  4:02  Zergling x2  
  50  4:05  Zergling x4  
  52  4:12  Spire  
  51  4:29  Drone x7  
  58  4:32  Baneling x4  
  58  4:34  Queen  
  58  4:36  Overlord  
  60  4:44  Overlord  
  60  4:51  Overlord x3  
  60  5:11  Queen  
  62  5:15  Drone x4  
  66  5:25  Mutalisk x4  
  68  5:49  Mutalisk  
  64  5:50  Mutalisk x2  
  64  5:51  Drone x9  
  79  5:57  Drone  
  79  5:58  Extractor  
  79  6:00  Drone  
  81  6:04  Drone  
  81  6:05  Evolution Chamber  
  81  6:06  Evolution Chamber  
  81  6:07  Roach Warren  
  81  6:11  Drone x2  
  80  6:17  Mutalisk  
  80  6:18  Hatchery, Mutalisk  
  83  6:22  Drone  
  84  6:29  Drone x7  
  84  6:32  Extractor  
  90  6:34  Drone x2  
  90  6:35  Centrifugal Hooks, Zerg Missile Weapons Level 1, Zerg Melee Weapons Level 1  
  92  6:42  Overlord x3  
  92  6:43  Drone x2  
  94  6:51  Glial Reconstitution  
  94  7:00  Overlord x3  
  94  7:04  Roach, Mutalisk  
  94  7:05  Roach x5  
  108  7:09  Drone x4  
  108  7:17  Drone x3  
  108  7:22  Drone x3  
  112  7:27  Extractor  
  112  7:29  Extractor  
  93  7:31  Drone x2  
  93  7:35  Drone x7  
  91  7:39  Ravager x6  
  91  7:43  Drone  
  98  7:44  Queen  
  98  7:45  Infestation Pit, Drone  
  98  7:50  Drone x2  
  102  7:55  Drone x2  
  104  8:05  Drone x6  
  110  8:10  Hatchery  
  111  8:13  Roach x3  
  111  8:14  Roach  
  111  8:15  Roach  
  111  8:16  Roach  
  114  8:27  Drone x6  
  120  8:38  Hatchery  
  120  8:40  Drone x6  
  125  8:41  Hive  
  125  8:42  Zerg Melee Weapons Level 2, Zerg Missile Weapons Level 2  
  125  8:47  Drone x2  
  125  8:48  Drone x2  
  128  8:49  Drone  
  128  8:51  Zergling x4  
  132  8:58  Spine Crawler x2  
  132  8:59  Spine Crawler  
  132  9:01  Spine Crawler  
  123  9:04  Drone x5  
  123  9:09  Drone x3  
  128  9:12  Drone  
  128  9:13  Drone x2  
  128  9:16  Ravager x6  
  137  9:18  Drone x2  
  137  9:23  Drone x5  
  144  9:28  Baneling x4  
  144  9:30  Zergling x10  
  149  9:35  Spine Crawler  
  149  9:36  Spine Crawler  
  149  9:37  Drone x2, Spine Crawler  
  148  9:42  Drone x2  
  150  9:48  Overlord x4  
  150  9:51  Extractor  
  150  9:52  Extractor  
  148  10:02  Drone x3  
  148  10:05  Drone x3  
  154  10:12  Hatchery  
  152  10:18  Roach x7  
  152  10:19  Zergling x24  
  143  10:28  Roach  
  143  10:29  Roach x9  
  143  10:32  Baneling  
  143  10:33  Baneling x6  
  143  10:34  Zergling x8  
  167  10:38  Ravager  
  167  10:39  Ravager x6  
  167  10:51  Ravager  
  167  10:52  Ravager x9  
  177  11:00  Hatchery  
  176  11:05  Zergling x2  
  176  11:06  Zergling x10  
  176  11:07  Overlord x4  
  178  11:17  Zergling x2  
  178  11:18  Zergling x18  
  172  11:25  Zergling x4  
  172  11:30  Drone x5  
  178  11:36  Hatchery  
  171  11:40  Roach  
  171  11:41  Zergling x6, Roach x2  
  171  11:44  Baneling x6  
  171  11:45  Baneling x5, Viper  
  183  11:50  Viper x2  
  183  11:52  Zergling x6  
  189  12:01  Zergling x10  
  182  12:09  Ravager x3  
  182  12:10  Zergling x4  
  182  12:12  Zergling x10  
  172  12:39  Roach x2  
  150  12:47  Roach x5  
  150  12:49  Zergling x16  
  156  12:52  Roach x3  
  149  13:00  Roach x5  
  149  13:01  Roach  
  149  13:02  Ravager x2  
  160  13:09  Hatchery, Roach x2  
  160  13:10  Roach x3  
  160  13:11  Ravager x5  
  160  13:12  Baneling x14  
  174  13:13  Baneling x2, Roach  
  162  13:23  Zergling x12  
  162  13:25  Ravager x8  
  162  13:26  Zergling x2  
  167  13:38  Zergling x18  
  167  13:39  Zergling x8, Ravager x6  
  167  13:47  Zergling x8  
  149  13:53  Roach x2  
  149  13:54  Zergling x2, Roach x2  
  155  13:57  Roach  
  155  14:00  Zergling x2  
  155  14:01  Hatchery  
  157  14:04  Baneling x13  
  157  14:05  Zergling x2  
  157  14:06  Zergling x12  
  155  14:17  Extractor  
  155  14:19  Hatchery  
  155  14:22  Hatchery  
  155  14:23  Extractor  
  142  14:27  Roach x10  
  149  14:34  Drone x5  
Tags
 
Add a new tag
Caveats
  • Supply blocks, unpowered buildings, or Contaminate may cause inaccurate times.
  • Supply counts are checked every 10 seconds.